 Dungeon Crawl Stone Soup version bcrawl-1.35.4b (webtiles) character file.

Game seed: 12590483031358369252

116544 Dulis131 the Shield-Bearer (level 3, 0/23 HPs)
             Began as a Skeleton Fighter on Jan 29, 2022.
             Slain by a worm (5 damage)
             ... on level 2 of the Dungeon.
             The game lasted 00:03:17 (1559 turns).

Dulis131 the Shield-Bearer (Skeleton Fighter)       Turns: 1559, Time: 00:03:18

Health: 0/23       AC:  7    Str: 22 (23) XL:     3   Next: 67%
Magic:  0/3        EV:  6    Int:  5 (6)  God:
Gold:   106        SH:  9    Dex:  8      Spells: 2/2 levels left

rFire    . . .     SeeInvis .   a - +0 trident
rCold    + . .     Gourm    .   c - +0 medium shield
rNeg     + + +     Faith    .   b - +0 scale mail
rPois    ∞         Spirit   +   (no helmet)
rElec    .         Reflect  .   (no cloak)
rCorr    .                      (no gloves)
MR       .....                  (no boots)
Stlth    ..........             (no amulet)
HPRegen  0.07/turn              (no ring)
MPRegen  0.08/turn              (no ring)

@: no status effects
A: no food or potions, cold resistance 1, deterioration 1, negative energy
resistance 3, torment resistance, unbreathing, magic shield, sturdy frame 1,
spell healing
a: no special abilities


You were on level 2 of the Dungeon.
You were not hungry.

You visited 1 branch of the dungeon, and saw 2 of its levels.

You collected 106 gold pieces.

Inventory:

Hand Weapons
 a - a +0 trident (weapon)
Armour
 b - a +0 scale mail (worn)
 c - a +0 medium shield (worn)
Scrolls
 d - a scroll of immolation {unknown}
 e - a scroll of remove curse {unknown}
 f - a scroll of enchant weapon {unknown}
 g - a scroll of fog {unknown}
 h - a scroll of fear {unknown}
 i - a scroll of identify
 j - a scroll of enchant armour {unknown}


   Skills:
 + Level 3.2 Fighting
 + Level 3.4 Polearms
 + Level 3.8 Armour
 + Level 0.5 Dodging
 + Level 4.2 Shields


You had 2 spell levels left.
You didn't know any spells.
Your spell library was empty.

Dungeon Overview and Level Annotations

Branches:
Dungeon (2/12)

Altars:


Innate Abilities, Weirdness & Mutations

You do not eat or drink.
You are immune to poison.
Your flesh is cold resistant. (rC+)
Your body sometimes deteriorates upon taking damage.
You are immune to negative energy. (rN+++)
You are immune to unholy pain and torment.
You can survive without breathing.
When hurt, damage is shared between your health and your magic reserves.
Your movements are slightly less encumbered by armour. (ER -2)
Casting spells heals you.


Message History

You barely miss the worm.
The worm is severely wounded.
The hobgoblin hits you with a +0 club. You block the worm's attack.
You hit the worm.
The worm is almost dead.
The hobgoblin hits you but does no damage.
An ooze comes into view.
The hobgoblin hits you but does no damage.
The ooze quivers.
You hit the worm but do no damage.
The worm is almost dead.
The worm bites you.
The hobgoblin hits you but does no damage.
Your shield prevents you from hitting the worm.
The worm is severely wounded.
The hobgoblin hits you with a +0 club. The worm bites you.
* * * LOW HITPOINT WARNING * * *
Your body deteriorates!
You feel dopey. The worm bites you.
You die...

.# .# (## # . ..
.# .. .# .#.#
####. ....#
##..w#####....#.
#.w.g@.......>..
#....r.##.....#.#
........##.###.#
#..J.#####.# #
...........###.#
...#######.....#
##. #.##### .
#####.# #.....###


You could see 2 worms, an ooze, a hobgoblin and a rat.

Vanquished Creatures
  A hound skeleton (D:2)
  2 oozes (D:2)
  3 leopard geckos
  3 giant cockroaches (D:1)
  8 goblins
  A hobgoblin (D:2)
  2 kobolds (D:1)
  A quokka (D:1)
  A ball python (D:1)
  3 bats
  A frilled lizard (D:1)
  3 rats (D:1)
29 creatures vanquished.

Notes
Turn   | Place    | Note
-------+----------+-------------------------------------------
     0 | D:1      | Dulis131 the Skeleton Fighter began the quest for the Orb.
     0 | D:1      | Reached XP level 1. HP: 14/14 MP: 1/1
   179 | D:1      | Reached XP level 2. HP: 18/19 MP: 2/2
   203 | D:1      | Reached skill level 4 in Shields
  1430 | D:2      | Reached XP level 3. HP: 20/23 MP: 3/3
  1559 | D:2      | Slain by a worm

Skill      XL: |  1  2  3 |
---------------+----------+-----
Shields        | 4 |  4.2
Polearms       | 3 |  3.4
Fighting       | |  3.2
Armour         | |  3.8
Dodging        | |  0.5

Action                   || total
-------------------------++-------
Melee: Trident           ||   133
Armor: Scale mail        ||    58
Dodge: Dodged            ||    21
Block: Medium shield     ||    54
